AoeStats
← Horizon

Black Forest

509207499Analyzed
4v4 RM · 6d ago on Sep 25, 2026· 45m 31s· 8 players
Game mode
Random Map
Map size
Large (8 player)
Population
200
Speed
Normal
Resources
Standard
Victory
Conquest
Starting age
Dark Age
Ending age
Imperial Age
RankedLock teamsTeams togetherTeam positionsShared explorationLock speedFull tech treeHidden civsTurbo modeCheats
Victory
Defeat
🇵🇰 Japanese · Pakistan
1548
+14
🇵🇰 Persians · Pakistan
1440
+18
🇩🇪 Burgundians · Germany
1380
+21
🇩🇪 Wei · Germany
1377
+21
🇺🇸 Mongols · United States
1549
-21
🇦🇷 Maya · Argentina
1505
-19
🇺🇸 Lithuanians · United States
1501
-19
🇲🇽 Saxons · Mexico
1415
-15
Haider_435
0:33 Loom
7:35 Double-Bit Axe
12:23 Feudal Age
16:28 Castle Age
15:52 Bow Saw
15:26 Horse Collar
18:26 Fletching
29:45 Imperial Age
28:53 Gold Mining
29:50 Wheelbarrow
31:29 Chemistry
31:00 Padded Archer Armor
34:24 Hand Cart
bilalnizamani001
3:47 Loom
11:25 Feudal Age
15:06 Castle Age
12:56 Double-Bit Axe
16:46 Bow Saw
16:17 Horse Collar
23:37 Wheelbarrow
24:27 Heavy Plow
28:29 Imperial Age
27:20 Hand Cart
27:28 Scale Barding Armor
27:34 Forging
27:59 Gold Mining
28:00 Stone Mining
28:43 Bloodlines
28:34 Husbandry
29:07 Chain Barding Armor
28:08 Heavy Camel Rider
28:28 Capped Ram
29:27 Town Watch
30:38 Gold Shaft Mining
30:40 Plate Barding Armor
31:19 Iron Casting
33:32 Coinage
34:09 Heavy Scorpion
35:09 Siege Ram
39:14 Banking
40:37 Blast Furnace
39:48 Caravan
Musti-1997
6:41 Loom
10:46 Feudal Age
11:31 Double-Bit Axe
11:29 Horse Collar
11:43 Gold Mining
13:45 Wheelbarrow
13:15 Stone Mining
19:49 Castle Age
20:47 Hand Cart
21:38 Stone Shaft Mining
21:35 Bow Saw
22:52 Heavy Plow
23:47 Gold Shaft Mining
26:26 Scale Barding Armor
26:48 Bloodlines
26:39 Husbandry
28:23 Forging
33:59 Imperial Age
32:02 Chain Barding Armor
32:18 Tuntian
33:36 Iron Casting
35:03 Conscription
34:11 Elite Tiger Cavalry
36:44 Ming Guang Armor
39:30 Blast Furnace
38:56 Fletching
Horizon
9:27 Feudal Age
9:33 Man-at-Arms
10:45 Double-Bit Axe
15:28 Scale Mail Armor
16:22 Horse Collar
16:32 Loom
18:07 Wheelbarrow
22:27 Castle Age
21:56 Stone Mining
23:38 Bow Saw
23:34 Town Watch
24:20 Heavy Plow
27:27 Fletching
30:11 Hand Cart
34:55 Imperial Age
33:02 Padded Archer Armor
33:25 Ballistics
33:10 Gold Mining
33:31 Caravan
33:33 Bodkin Arrow
33:50 Masonry
34:48 Coinage
35:02 Thumb Ring
35:14 Leather Archer Armor
35:43 Bracer
35:54 Husbandry
36:05 Bloodlines
36:22 Parthian Tactics
37:06 Conscription
36:20 Heavy Cavalry Archer
38:08 Banking
40:07 Chemistry
39:42 Ring Archer Armor
40:06 Kataparuto
40:01 Siege Engineers
AttilathePun463
10:02 Feudal Age
14:04 Castle Age
12:37 Double-Bit Axe
12:33 Horse Collar
15:06 Bow Saw
14:56 Loom
17:33 Loom
18:28 Wheelbarrow
20:05 Heavy Plow
23:07 Hand Cart
29:12 Imperial Age
27:01 Gold Mining
27:59 Scale Barding Armor
28:03 Caravan
29:18 Bloodlines
29:49 Husbandry
30:11 Chain Barding Armor
29:24 Cavalier
31:11 Paladin
32:27 Plate Barding Armor
32:02 Forging
31:59 Town Watch
32:07 Fletching
32:39 Ballistics
33:20 Chemistry
33:38 Light Cavalry
34:56 Iron Casting
36:52 Two-Man Saw
39:32 Conscription
39:08 Bodkin Arrow
40:27 Stone Mining
40:48 Bracer
41:01 Masonry
42:22 Stone Shaft Mining
44:27 Padded Archer Armor
smen
0:43 Loom
11:47 Feudal Age
27:29 Castle Age
26:35 Double-Bit Axe
28:44 Bow Saw
29:01 Fletching
31:26 Horse Collar
32:13 Fortified Wall
33:00 Scale Mail Armor
34:50 Bodkin Arrow
The Quadfather
9:58 Feudal Age
13:35 Castle Age
11:38 Double-Bit Axe
11:34 Horse Collar
16:03 Bow Saw
15:54 Heavy Plow
17:39 Loom
22:46 Wheelbarrow
25:14 Hand Cart
25:20 Fletching
26:55 Bodkin Arrow
31:00 Imperial Age
28:33 Stone Mining
29:05 Gold Mining
29:55 Padded Archer Armor
30:55 Scale Mail Armor
30:57 Squires
31:24 Nomads
32:01 Drill
31:05 Capped Ram
31:09 Pikeman
32:08 Chain Mail Armor
33:09 Siege Engineers
33:37 Siege Ram
38:37 Plate Mail Armor
38:31 Onager
Hao_Arg
0:26 Loom
12:46 Feudal Age
17:05 Castle Age
15:09 Double-Bit Axe
15:32 Gold Mining
15:53 Horse Collar
17:41 Fletching
22:26 Bodkin Arrow
29:08 Wheelbarrow
35:07 Ballistics
36:33 Padded Archer Armor
42:18 Imperial Age
40:47 Heavy Plow
42:41 Thumb Ring
43:01 Bracer
44:42 Chemistry
Connection lost

Rejoining the realm…

Still unreachable

The connection could not be restored.

Session expired

The server has moved on; the page needs a fresh start.